 Dungeon Crawl Stone Soup version 0.31.0-9-g3a7656b989 (webtiles) character file.

Game seed: 5167473413380896238

651 qw the Skirmisher (level 7, -4/40 HPs)
             Began as a Deep Elf Hunter on Feb 2, 2024.
             Was a Follower of Okawaru.
             Incinerated by a bombardier beetle (6 damage)
             ... with a burning spray
             ... on level 5 of the Dungeon.
             The game lasted 00:00:14 (3504 turns).

qw the Skirmisher (Deep Elf Hunter)                 Turns: 3504, Time: 00:00:15

Health: -4/40      AC:  7    Str: 10    XL:     7   Next: 28%
Magic:  9/9        EV: 10    Int: 14    God:    Okawaru [*.....]
Gold:   333        SH:  5    Dex: 24    Spells: 6/6 levels left

rFire   . . .        a - +1 shortbow
rCold   + . .        (shield currently unavailable)
rNeg    . . .        j - +0 scale mail {rC+}
rPois   .            (no helmet)
rElec   .            s - +0 cloak
rCorr   .            (no gloves)
SInv    .            (no boots)
Will    .....        f - amulet of reflection
Stlth   +            n - +6 ring of dexterity
HPRegen 0.26/turn    (no ring)
MPRegen 0.11/turn

%: reflection
@: on fire, glowing
A: no striking features
a: Renounce Religion, Heroism


You were on level 5 of the Dungeon.
You worshipped Okawaru.
Okawaru was aware of your devotion.
You visited 1 branch of the dungeon, and saw 5 of its levels.

You collected 333 gold pieces.


   Skills:
 - Level 2.0 Fighting
 + Level 10.9 Ranged Weapons
 - Level 1.0 Armour
 - Level 3.0 Dodging
 - Level 1.2 Stealth
 + Level 1.0 Invocations


You had 6 spell levels left.
You didn't know any spells.
Your spell library was empty.

Inventory:

Hand Weapons
 a - a +1 shortbow (weapon)
Armour
 j - a +0 scale mail of cold resistance (worn)
 o - a +0 ring mail
 s - a +0 cloak (worn)
Jewellery
 f - an amulet of reflection (around neck)
 g - a ring of see invisible
 k - a ring of ice
 n - a +6 ring of dexterity (left hand)
Scrolls
 b - a scroll of identify
Potions
 c - a potion of magic
 d - a potion of mutation
 i - a potion of enlightenment
 m - a potion of heal wounds {unknown}
 p - a potion of might {unknown}
 q - a potion of curing
 r - a potion of resistance {unknown}

Dungeon Overview and Level Annotations

Branches:
Dungeon (5/15)
 Temple: D:4-7

Altars:
Dithmenos
Elyvilon
Fedhas
Okawaru


Message History

The arrow hits the bombardier beetle but does no damage.
You shoot an arrow.
The arrow hits the bombardier beetle but does no damage.
You shoot an arrow. The arrow hits the bombardier beetle.
The bombardier beetle is lightly wounded.
You shoot an arrow.
The arrow barely misses the bombardier beetle.
The bombardier beetle sprays incendiary fluid at you.
The burning spray hits you.
You are covered in liquid fire!
You shoot an arrow. The arrow hits the bombardier beetle.
The bombardier beetle is moderately wounded.
The liquid fire burns you!
You shoot an arrow. The arrow hits the bombardier beetle.
The bombardier beetle is moderately wounded.
The liquid fire burns you!
You shoot an arrow.
The arrow hits the bombardier beetle but does no damage.
The bombardier beetle is moderately wounded.
The liquid fire burns you!
You shoot an arrow. The arrow hits the bombardier beetle!
The bombardier beetle is almost dead.
The liquid fire burns you!
You shoot an arrow.
The arrow hits the bombardier beetle but does no damage.
The bombardier beetle is almost dead.
The liquid fire burns you!
You shoot an arrow.
The arrow hits the bombardier beetle but does no damage.
The bombardier beetle is almost dead.
The liquid fire burns you! The bombardier beetle bites you.
You shoot an arrow. The arrow hits the bombardier beetle!
You kill the bombardier beetle!
Okawaru accepts your kill. The liquid fire burns you!
Your Invocations skill increases to level 1!
You are on fire!
The liquid fire burns you!
You die...

.# #..## ## .$##.
##..# # ...# #..%#
# ...## ##..## #
....# ##..## #
#...# ##.### ##..#
##.## #.%.# ##..#
#.@# #..## ##.##
#..# ##..# #..#
#..###...# #..#
#....<..#### ##..#
##.........###...#
#..............##
#..............#
#...#####......##


There were no monsters in sight!

Vanquished Creatures
  Prince Ribbit (D:5)
  A scorpion (D:4)
  A jelly (D:5)
  3 bombardier beetles
  3 iguanas
  A sleepcap (D:5)
  A gnoll (D:4)
  4 adders
  2 ufetubi (D:5)
  2 dart slugs (D:2)
  A ribbon worm (D:2)
  9 orcs
  6 ball pythons
  4 bats
  10 endoplasms
  4 giant cockroaches
  15 goblins
  9 hobgoblins
  9 kobolds
  A quokka (D:1)
  5 frilled lizards
  7 rats
99 creatures vanquished.

Notes
Turn   | Place    | Note
-------+----------+-------------------------------------------
     0 | D:1      | qw the Deep Elf Hunter began the quest for the Orb.
     0 | D:1      | Reached XP level 1. HP: 12/12 MP: 3/3
     0 | D:1      | 0 ||| qw: Version: 0.3-a-155-g5e7d8dd
     0 | D:1      | 0 ||| qw: Game counter: 2339
     0 | D:1      | 0 ||| qw: Melee chars always use a shield: true
     0 | D:1      | 0 ||| qw: God list: Okawaru
     0 | D:1      | 0 ||| qw: Allow faded altars: false
     0 | D:1      | 0 ||| qw: Do Orc after clearing Dungeon:15 true
     0 | D:1      | 0 ||| qw: Do second Lair branch before Depths: true
     0 | D:1      | 0 ||| qw: Lair rune preference: random
     0 | D:1      | 0 ||| qw: Goals: Normal
     0 | D:1      | 0 ||| PLANNING D:1-11
   120 | D:1      | Reached skill level 6 in Ranged Weapons
   120 | D:1      | Reached XP level 2. HP: 16/16 MP: 4/4
   449 | D:1      | Found a faded altar of an unknown god.
   726 | D:1      | 726 ||| UPGRADING to amulet of guardian spirit.
   731 | D:1      | 731 ||| READING scroll labelled PIEDDIQEIT.
   832 | D:1      | 832 ||| READING scroll labelled YPPIXK MIMI.
   832 | D:1      | 832 ||| ENCHANTING +0 shortbow.
   833 | D:1      | 833 ||| READING scroll labelled UNEPOU JYSCHAUR.
   834 | D:1      | 834 ||| READING scroll labelled WARETSIULL.
   835 | D:1      | 835 ||| DROPPING scroll of butterflies.
   855 | D:2      | 855 ||| FLEEEEING.
   856 | D:2      | 856 ||| STAIRDANCE
   870 | D:2      | 870 ||| STAIRDANCE
   956 | D:2      | Reached XP level 3. HP: 20/20 MP: 5/5
  1106 | D:2      | Reached skill level 7 in Ranged Weapons
  1348 | D:2      | Found a white marble altar of Elyvilon.
  1441 | D:2      | Reached XP level 4. HP: 25/25 MP: 6/6
  1558 | D:2      | 1558 ||| UPGRADING to amulet of reflection.
  1568 | D:2      | 1568 ||| DROPPING amulet of guardian spirit.
  1569 | D:2      | 1569 ||| UPGRADING to +6 ring of dexterity.
  1570 | D:2      | 1570 ||| DRINKING 2 glowing pink potions.
  1571 | D:2      | 1571 ||| DRINKING 2 lumpy sapphire potions.
  1572 | D:2      | 1572 ||| DRINKING 2 yellow potions.
  1573 | D:2      | 1573 ||| DROPPING potion of magic.
  1992 | D:3      | Reached skill level 3 in Dodging
  1997 | D:3      | 1997 ||| FLEEEEING.
  1998 | D:3      | 1998 ||| FLEEEEING.
  1999 | D:3      | 1999 ||| FLEEEEING.
  2000 | D:3      | 2000 ||| FLEEEEING.
  2001 | D:3      | 2001 ||| FLEEEEING.
  2002 | D:3      | 2002 ||| FLEEEEING.
  2003 | D:3      | 2003 ||| FLEEEEING.
  2004 | D:3      | 2004 ||| FLEEEEING.
  2005 | D:3      | 2005 ||| FLEEEEING.
  2199 | D:3      | Found a blossoming altar of Fedhas.
  2360 | D:3      | 2360 ||| UPGRADING to +0 ring mail.
  2370 | D:3      | 2370 ||| DROPPING +0 leather armour.
  2371 | D:3      | 2371 ||| UPGRADING to +0 cloak.
  2376 | D:3      | 2376 ||| READING scroll labelled MEANOE OSHI.
  2381 | D:3      | 2381 ||| READING scroll labelled DENGAJ DUYCIMENO.
  2381 | D:3      | 2381 ||| ENCHANTING +0 shortbow.
  2382 | D:3      | 2382 ||| READING scroll labelled DICHAX ALOD.
  2383 | D:3      | 2383 ||| READING scroll labelled SEDUER QEAST.
  2409 | D:4      | Found a shadowy altar of Dithmenos.
  2489 | D:4      | 2489 ||| DRINKING 4 bubbling clear potions.
  2506 | D:4      | Reached skill level 8 in Ranged Weapons
  2506 | D:4      | Reached XP level 5. HP: 29/29 MP: 7/7
  2549 | D:4      | Found an iron altar of Okawaru.
  2550 | D:4      | 2550 ||| PLANNING OKAWARU WORSHIP
  2550 | D:4      | 2550 ||| READING scroll labelled KIAMMUENOE.
  2550 | D:4      | 2550 ||| IDENTIFYING amethyst potion
  2551 | D:4      | 2551 ||| DROPPING 3 potions of lignification.
  2559 | D:4      | Became a worshipper of Warmaster Okawaru
  2560 | D:4      | 2560 ||| PLANNING D:1-11
  2652 | D:4      | Reached skill level 9 in Ranged Weapons
  2987 | D:4      | Reached XP level 6. HP: 35/35 MP: 8/8
  3046 | D:4      | 3046 ||| UPGRADING to +0 scale mail of cold resistance.
  3056 | D:4      | 3056 ||| READING 2 scrolls of identify.
  3056 | D:4      | 3056 ||| IDENTIFYING metallic white potion
  3057 | D:4      | 3057 ||| READING scroll of identify.
  3057 | D:4      | 3057 ||| IDENTIFYING black potion
  3058 | D:4      | 3058 ||| READING scroll labelled JAT OKYFOK.
  3059 | D:4      | 3059 ||| DRINKING 2 puce potions.
  3060 | D:4      | 3060 ||| DROPPING potion of invisibility.
  3061 | D:4      | 3061 ||| DROPPING potion of brilliance.
  3091 | D:5      | Entered Level 5 of the Dungeon
  3119 | D:5      | Reached skill level 1 in Armour
  3264 | D:5      | Noticed Prince Ribbit
  3265 | D:5      | 3265 ||| DRINKING potion of haste.
  3288 | D:5      | Killed Prince Ribbit
  3288 | D:5      | Reached * piety under Okawaru
  3289 | D:5      | Reached skill level 10 in Ranged Weapons
  3289 | D:5      | Reached XP level 7. HP: 16/40 MP: 9/9
  3501 | D:5      | HP: 10/40 [burnt (5)]
  3503 | D:5      | HP: 2/40 [burnt (3)]
  3504 | D:5      | Reached skill level 1 in Invocations
  3504 | D:5      | Incinerated by a bombardier beetle

Levels and vault maps discovered:
D:1:      dpeg_arrival_prison, layout_basic,
          shapermc_ecumenical_altar_hornbeckon, minmay_misc_feat_enclosed,
          chequers_serial_rivers_small_3
D:2:      layout_loops_ring, basic_altar, minmay_split_cup_small
D:3:      layout_loops_cross, fedhas_ov_isle_minmay, columned_hall_lemuel,
          guppyfry_early_orc_mine
D:4:      layout_loops_ring, okawaru_altar_gauntlet_db,
          mainiacjoe_overflow_cross_hatched
D:5:      layout_layer_cave, uniq_ijyb, uniq_eustachio, uniq_prince_ribbit1

Skill      XL: |  1  2  3  4  5  6  7 |
---------------+----------------------+-----
Ranged Weapons | 6 7 8 9 10 | 10.9
Dodging        | 3 |  3.0
Fighting       | 2 |  2.0
Armour         | 1 |  1.0
Invocations    | 1 |  1.0
Stealth        | |  1.2

Action                     |  1- 3 |  4- 6 |  7- 9 || total
---------------------------+-------+-------+-------++-------
   Fire: Shortbow          |   101 |   174 |    19 ||   294
    Use: Scroll            |     4 |     8 |       ||    12
         Potion            |       |     6 |       ||     6
 Armour: Leather armour    |    12 |     9 |       ||    21
         Skin              |       |     2 |       ||     2
         Ring mail         |       |     5 |       ||     5
         Scale mail        |       |    20 |     2 ||    22
  Dodge: Dodged            |    13 |    34 |     1 ||    48
  Block: Other             |       |    14 |       ||    14
         Reflection        |       |     2 |       ||     2

Table legend:
 A = Non-vault XP
 B = Vault XP
 C = Vault XP percentage of total XP
 D = Non-vault monster count
 E = Vault monster count
 F = Vault count percentage of total count
                 A         B        C        D         E       F
            +---------+---------+-------+---------+---------+-------
      Total |     581 |     349 |  37.5 |      80 |      19 |  19.2
            +---------+---------+-------+---------+---------+-------
        D:1 |      30 |       3 |   9.1 |      17 |       2 |  10.5
        D:2 |      51 |      15 |  22.7 |      19 |       3 |  13.6
        D:3 |      57 |      17 |  23.0 |      18 |       7 |  28.0
        D:4 |     225 |      23 |   9.3 |      19 |       6 |  24.0
        D:5 |     218 |     291 |  57.2 |       7 |       1 |  12.5
            +---------+---------+-------+---------+---------+-------
